 Dungeon Crawl Stone Soup version 0.31-a0-157-g0643eb4156 (webtiles) character file.

Game seed: 13627866456247228592

28116 qw the Cleaver (level 13, -3/82 HPs)
             Began as a Gargoyle Fighter on June 12, 2023.
             Was an Elder of Okawaru.
             Slain by a snapping turtle (10 damage)
             ... on level 5 of the Lair of Beasts.
             The game lasted 00:07:55 (12915 turns).

qw the Cleaver (Gargoyle Fighter)                  Turns: 12915, Time: 00:07:55

Health: -3/82      AC: 37    Str: 28    XL:     13   Next: 36%
Magic:  0/20       EV: 14    Int:  8    God:    Okawaru [****..]
Gold:   877        SH: 12    Dex:  9    Spells: 12/12 levels left

rFire   + . .        p - +0 flail (drain)
rCold   + . .        w - +0 kite shield
rNeg    + . .        u - +4 plate armour of Philately {+Blink rPois Will++ Stlth+}
rPois   inf          o - +0 helmet
rElec   +            (no cloak)
rCorr   .            f - +1 pair of gloves
SInv    .            j - +2 pair of boots
Will    ++...        n - amulet of Doyqada {Spirit rF+ Regen+ Str+2} Stlth
                     Y - ring of protection from cold
HPRegen 1.13/turn    c - +5 ring of evasion
MPRegen 0.17/turn

%: guardian spirit
@: about to teleport, heroic, mesmerised, very slow
A: sickness immunity, AC +9, negative energy resistance 1, electricity
resistance, torment resistance 1, petrification resistance
a: Renounce Religion, Evoke Blink, Heroism, Finesse


You were on level 5 of the Lair of Beasts.
You worshipped Okawaru.
Okawaru was greatly pleased with you.
You visited 3 branches of the dungeon, and saw 15 of its levels.

You collected 922 gold pieces.
You spent 45 gold pieces at shops.


Innate Abilities, Weirdness & Mutations

You are immune to sickness and miasma.
Your stone body is resilient. (AC +9)
You are immune to poison.
You resist negative energy. (rN+)
You are resistant to electric shocks. (rElec)
You are resistant to unholy torment.
You are immune to petrification.


   Skills:
 - Level 10.0(15.0) Fighting
 + Level 12.6(17.6) Axes
 - Level 3.2(8.2) Throwing
 - Level 9.0(14.0) Armour
 - Level 2.0(7.0) Dodging
 - Level 10.8(15.8) Shields
 - Level 10.0 Invocations


You had 12 spell levels left.
You didn't know any spells.
Your spell library was empty.

Inventory:

Hand Weapons
 b - a +0 flail
 m - a +0 broad axe
 p - a +0 flail of draining (weapon)
Missiles
 r - 2 boomerangs (quivered)
Armour
 f - a +1 pair of gloves (worn)
 j - a +2 pair of boots (worn)
 o - a +0 helmet (worn)
 u - the +4 plate armour of Philately (worn) {+Blink rPois Will++ Stlth+}
   (You took it off a wight on level 8 of the Dungeon)

   rPois:     It protects you from poison.
   +Blink:    It lets you blink.
   Will:      It greatly increases your willpower.
   Stlth:     It makes you more stealthy.
 w - a +0 kite shield (worn)
 x - a +1 plate armour of fire resistance
 y - +0 acid dragon scales
Jewellery
 c - a +5 ring of evasion (right hand)
 k - a +6 ring of dexterity
 l - a ring of protection from cold
 n - the amulet of Doyqada (around neck) {Spirit rF+ Regen+ Str+2}
   (You took it off an orc on level 3 of the Dungeon)

   [amulet of guardian spirit]

   It causes incoming damage to be divided between your reserves of health and
   magic.
   Str:       It affects your strength (+2).
   rF:        It protects you from fire.
   Regen:     It increases your rate of health regeneration.
 Y - a ring of protection from cold (left hand)
Wands
 z - a wand of digging (7)
Scrolls
 a - 4 scrolls of teleportation
 e - 6 scrolls of identify
Potions
 d - 2 potions of might
 g - a potion of resistance
 h - 3 potions of attraction
 i - 2 potions of magic
 q - a potion of lignification
 s - 2 potions of mutation
 t - 3 potions of curing

Dungeon Overview and Level Annotations

Branches:
Dungeon (9/15)             Temple (1/1) D:4            Lair (5/5) D:9
 Shoals (0/4) Lair:2       Spider (0/4) Lair:3        Slime (0/5) Lair:4
    Orc (0/2) D:9

Altars:
Cheibriados
Dithmenos
Elyvilon
Fedhas
Gozag
Hepliaklqana
Kikubaaqudgha
Makhleb
Nemelex Xobeh
Okawaru
Qazlal
Ru
Sif Muna
Trog
Uskayaw
Vehumet
Wu Jian
Xom
Yredelemnul
Zin
The Shining One

Shops:
D:1 *=:   D:7 *

Annotations:
D:3 2 runed translucent doors, qw's ghost, amateur NaHu
D:6 1 runed translucent door, Crazy Yiuf


Message History

12912 ||| READING 5 scrolls of teleportation.
As you read the scroll of teleportation, it crumbles to dust.
You feel strangely unstable. You block the hornet's attack.
The blink frog blinks!
The snapping turtle barely misses you. You block the blink frog's attack.
The merfolk avatar chants its luring song.
The eight-headed hydra closely misses you.
The eight-headed hydra bites you but does no damage.
You block the eight-headed hydra's attack.
The eight-headed hydra barely misses you.
The eight-headed hydra bites you but does no damage. x4
You barely miss the blink frog.
The blink frog is severely wounded.
The hornet stings you but does no damage.
The blink frog blinks!
The snapping turtle misses you. You block the hornet's attack.
The merfolk avatar chants its luring song.
The blink frog blinks! x2
You sock the blink frog!
You kill the blink frog!
Okawaru accepts your kill.
You block the eight-headed hydra's attack. x2
The eight-headed hydra bites you but does no damage.
You block the eight-headed hydra's attack.
The eight-headed hydra bites you!
You block the eight-headed hydra's attack.
The eight-headed hydra barely misses you.
The eight-headed hydra bites you but does no damage.
The snapping turtle closely misses you. The hornet barely misses you.
The blink frog blinks!
Your unstable footing causes you to fumble your attack.
The blink frog blinks!
You block the hornet's attack.
The eight-headed hydra closely misses you.
The eight-headed hydra bites you.
The eight-headed hydra closely misses you.
The eight-headed hydra bites you but does no damage. x3
The eight-headed hydra bites you!
The eight-headed hydra closely misses you.
The blink frog blinks!
The snapping turtle bites you!
You die...

....#.~ ~
..###~##~#.##### ~#~ ##
..[#~~##~#~~.#}~~~~. #~}
####~~~~~~~~~#~P#~~ #.~¤
# #~~~~~~~~~#~~~.~P~~~~
####P~##.~~~~#~8#~#F#~.P
#.P#..##~#~P~#~~#F¤!!~~~
.....~~~~~P~~#~~#tFm).~~
......~%~~~~~#~~@yYY!.~~
..<..~##~#~~~#~%#DFh|#~F
.....~##P~~~~#¤8h####~.~
"....~~~~~~~~~~h~~~~~~ ~
.....~.~~~~~~#P~~.~..~
......P#~#~~8.}~~.#~#~~
......~#~########~.~~##
#....~~~~~ #¤P~..
.....~~~~ ~~#.~


You could see a merfolk avatar (mesmerising), an eight-headed hydra, 2
elephants, a snapping turtle, 2 polar bears, a cane toad, 4 blink frogs and a
hornet.

Vanquished Creatures
  3 hydras
  A centaur warrior (D:8)
  A two-headed ogre (D:8)
  2 skysharks
  A sea snake (Lair:5)
  Pikel (D:8)
  3 harpies (Lair:2)
  3 elephants (Lair:2)
  Joseph (Lair:1)
  3 black mambas
  A gargoyle (D:8)
  3 cane toads
  Maggie (D:8)
  7 komodo dragons
  2 polar bears
  A troll (D:9)
  8 blink frogs
  A hornet (D:8)
  2 snapping turtles (Lair:5)
  6 wyverns
  27 yaks
  A vampire (D:9)
  6 spriggans (Lair:4)
  5 basilisks
  3 steam dragons
  Edmund (D:6)
  An acid dragon (D:9)
  5 water moccasins
  5 orc warriors
  2 sky beasts
  4 ice beasts
  5 wolves (Lair:1)
  An ogre (D:5)
  6 centaurs
  4 lemures (D:8)
  3 kobold brigands
  12 bullfrogs
  2 gnoll sergeants (D:8)
  4 scorpions
  2 wights (D:8)
  21 killer bees
  8 howler monkeys
  6 orc priests
  5 hounds
  2 jellies
  2 gnoll boudas
  11 orc wizards
  2 sleepcaps (D:6)
  Ijyb (D:5)
  Terence (D:2)
  4 iguanas
  3 hell rats (Lair:1)
  17 gnolls
  6 adders
  6 river rats (Lair:1)
  4 white imps
  An ufetubus (D:6)
  3 worms
  6 dart slugs
  25 orcs
  8 ball pythons
  4 endoplasms
  8 giant cockroaches
  6 goblins
  5 hobgoblins
  7 jackals
  4 quokkas
  7 bats
  2 frilled lizards (D:1)
  6 kobolds
  6 rats
347 creatures vanquished.

Notes
Turn   | Place    | Note
-------+----------+-------------------------------------------
     0 | D:1      | qw the Gargoyle Fighter began the quest for the Orb.
     0 | D:1      | Reached XP level 1. HP: 14/14 MP: 1/1
     0 | D:1      | 0 ||| qw: Version: 0.2-a-29-gc1b59c4
     0 | D:1      | 0 ||| qw: Game counter: 4147
     0 | D:1      | 0 ||| qw: Always use a shield: true
     0 | D:1      | 0 ||| qw: God list: Okawaru
     0 | D:1      | 0 ||| qw: Allow faded altars: false
     0 | D:1      | 0 ||| qw: Do Orc after D:15 true
     0 | D:1      | 0 ||| qw: Do second Lair branch before Depths: true
     0 | D:1      | 0 ||| qw: Lair rune preference: random
     0 | D:1      | 0 ||| qw: Plans: Normal, Zot:1-4, Slime:5, God:TSO, Crypt,
                  | Tomb, Abyss, Pan, Hells, Win
     0 | D:1      | 0 ||| PLANNING D:1-11
    73 | D:1      | Found Kezxupn's Assorted Antiques.
    78 | D:1      | 78 ||| BUYING fizzy golden potion (20 gold).
    78 | D:1      | Bought a fizzy golden potion for 20 gold pieces
    78 | D:1      | 78 ||| SHOPLISTING fuming purple potion (20 gold, have 0).
    78 | D:1      | 78 ||| SHOPLISTING pink potion (20 gold, have 0).
    78 | D:1      | 78 ||| SHOPLISTING potion of might (92 gold, have 0).
    78 | D:1      | 78 ||| SHOPLISTING scroll labelled EGIROJ KEFFECH (23 gold,
                  | have 0).
    78 | D:1      | 78 ||| SHOPLISTING scroll labelled WUYWO IFONINE (23 gold,
                  | have 0).
    78 | D:1      | 78 ||| SHOPLISTING silvery potion (20 gold, have 0).
    91 | D:1      | 91 ||| Stepping ~*~*~tactically~*~*~ (stealth).
    93 | D:1      | 93 ||| Stepping ~*~*~tactically~*~*~ (hiding).
    99 | D:1      | Reached skill level 2 in Axes
   102 | D:1      | Reached XP level 2. HP: 16/19 MP: 2/2
   167 | D:1      | Found Vomuffoa's Jewellery Shoppe.
   175 | D:1      | 175 ||| SHOPLISTING +6 ring of dexterity (396 gold, have
                  | 16).
   175 | D:1      | 175 ||| SHOPLISTING amulet of reflection (330 gold, have
                  | 16).
   175 | D:1      | 175 ||| SHOPLISTING amulet of the acrobat (330 gold, have
                  | 16).
   175 | D:1      | 175 ||| SHOPLISTING ring "Coatesina" {rF+ rC- rN+ Str+3}
                  | (366 gold, have 16).
   175 | D:1      | 175 ||| SHOPLISTING ring of resist corrosion (220 gold,
                  | have 16).
   175 | D:1      | 175 ||| SHOPLISTING ring of willpower (275 gold, have 16).
   178 | D:1      | Found Cotanim's Book Shoppe.
   180 | D:1      | Found a faded altar of an unknown god.
   345 | D:1      | Reached skill level 3 in Axes
   451 | D:1      | 451 ||| Stepping ~*~*~tactically~*~*~ (stealth).
   452 | D:1      | 452 ||| Stepping ~*~*~tactically~*~*~ (stealth).
   453 | D:1      | 453 ||| Stepping ~*~*~tactically~*~*~ (stealth).
   460 | D:1      | Reached XP level 3. HP: 23/23 MP: 3/3
   610 | D:1      | 610 ||| UPGRADING to +0 pair of gloves.
   615 | D:1      | 615 ||| READING scroll labelled COAHAU CASH.
   616 | D:1      | 616 ||| READING scroll labelled RITACALUAJ.
   619 | D:1      | 619 ||| READING scroll labelled EGIROJ KEFFECH.
   620 | D:1      | 620 ||| READING scroll labelled KUILAMO ZUCK.
   621 | D:1      | 621 ||| READING scroll labelled MUCKIM VEOMM.
   725 | D:2      | 725 ||| Stepping ~*~*~tactically~*~*~ (stealth).
   882 | D:2      | Reached XP level 4. HP: 28/28 MP: 4/4
   936 | D:2      | Reached skill level 4 in Axes
   936 | D:2      | 936 ||| Stepping ~*~*~tactically~*~*~ (stealth).
   940 | D:2      | 940 ||| Stepping ~*~*~tactically~*~*~ (stealth).
  1093 | D:2      | Noticed Terence
  1114 | D:2      | Killed Terence
  1145 | D:2      | 1145 ||| FLEEEEING.
  1146 | D:2      | 1146 ||| FLEEEEING.
  1147 | D:2      | 1147 ||| FLEEEEING.
  1513 | D:2      | 1513 ||| UPGRADING to +0 chain mail.
  1523 | D:2      | 1523 ||| DROPPING +0 scale mail.
  1524 | D:2      | 1524 ||| UPGRADING to amulet of regeneration.
  1529 | D:2      | 1529 ||| READING 2 scrolls labelled CUSIFFUROR.
  1530 | D:2      | 1530 ||| DRINKING 2 fizzy golden potions.
  1531 | D:2      | 1531 ||| DROPPING scroll of amnesia.
  1655 | D:3      | Reached XP level 5. HP: 32/32 MP: 5/5
  1757 | D:3      | Found a runed translucent door.
  1759 | D:3      | Noticed qw's ghost (amateur NaHu)
  1920 | D:3      | Identified the amulet of Doyqada {Spirit rF+ Regen+ Str+2}
  1921 | D:3      | 1921 ||| Stepping ~*~*~tactically~*~*~ (stealth).
  1923 | D:3      | 1923 ||| Stepping ~*~*~tactically~*~*~ (hiding).
  1924 | D:3      | 1924 ||| Stepping ~*~*~tactically~*~*~ (hiding).
  1925 | D:3      | 1925 ||| Stepping ~*~*~tactically~*~*~ (hiding).
  2238 | D:3      | Found a runed translucent door.
  2334 | D:3      | 2334 ||| DROPPING amulet of guardian spirit.
  2335 | D:3      | 2335 ||| UPGRADING to amulet of Doyqada {Spirit rF+ Regen+
                  | Str+2}.
  2345 | D:3      | 2345 ||| DROPPING amulet of regeneration.
  2346 | D:3      | 2346 ||| DROPPING amulet of the acrobat.
  2347 | D:3      | 2347 ||| READING scroll labelled VAFUCE LELER.
  2348 | D:3      | 2348 ||| READING scroll labelled ICVEAM BOAQAI.
  2349 | D:3      | 2349 ||| DRINKING 2 brown potions.
  2350 | D:3      | 2350 ||| DROPPING potion of degeneration.
  2390 | D:4      | 2390 ||| Stepping ~*~*~tactically~*~*~ (stealth).
  2400 | D:4      | 2400 ||| Stepping ~*~*~tactically~*~*~ (hiding).
  2403 | D:4      | Reached skill level 1 in Throwing
  2709 | D:4      | Reached skill level 5 in Axes
  2889 | D:4      | 2889 ||| Stepping ~*~*~tactically~*~*~ (stealth).
  2898 | D:4      | Reached XP level 6. HP: 39/39 MP: 6/6
  2923 | D:4      | Found a staircase to the Ecumenical Temple.
  2924 | D:4      | 2924 ||| PLANNING TEMPLE
  2924 | D:4      | 2924 ||| UPGRADING to ring of protection from cold.
  2925 | D:4      | 2925 ||| UPGRADING to ring of protection from cold.
  2926 | D:4      | 2926 ||| READING scroll labelled WUYWO IFONINE.
  2927 | D:4      | 2927 ||| READING scroll labelled DENWUMUACVA.
  2928 | D:4      | 2928 ||| READING scroll labelled IBLIXOCWOR.
  2934 | D:4      | 2934 ||| READING scroll labelled AREIDIFUET.
  2944 | Temple   | Entered the Ecumenical Temple
  2947 | Temple   | 2947 ||| PLANNING OKAWARU WORSHIP
  3008 | Temple   | Became a worshipper of Warmaster Okawaru
  3008 | Temple   | 3008 ||| PLANNING D:1-11
  3037 | D:4      | 3037 ||| READING 2 scrolls of identify.
  3037 | D:4      | 3037 ||| IDENTIFYING golden potion
  3038 | D:4      | 3038 ||| DROPPING potion of brilliance.
  3080 | D:5      | Entered Level 5 of the Dungeon
  3099 | D:5      | Noticed a water moccasin
  3105 | D:5      | Killed a water moccasin
  3106 | D:5      | Reached skill level 6 in Axes
  3106 | D:5      | Reached XP level 7. HP: 44/44 MP: 7/7
  3156 | D:5      | 3156 ||| Stepping ~*~*~tactically~*~*~ (hiding).
  3164 | D:5      | Reached * piety under Okawaru
  3165 | D:5      | Noticed Ijyb
  3166 | D:5      | 3166 ||| INVOKING Heroism.
  3170 | D:5      | Reached skill level 1 in Dodging
  3188 | D:5      | HP: 8/44 [Ijyb/bolt of light (8)]
  3192 | D:5      | Killed Ijyb
  3243 | D:5      | 3243 ||| DROPPING +0 club.
  3405 | D:5      | 3405 ||| Stepping ~*~*~tactically~*~*~ (stealth).
  3408 | D:5      | 3408 ||| INVOKING Heroism.
  3409 | D:5      | 3409 ||| INVOKING Heroism.
  3416 | D:5      | Reached skill level 1 in Invocations
  3422 | D:5      | 3422 ||| INVOKING Heroism.
  3431 | D:5      | Reached skill level 7 in Axes
  3518 | D:5      | 3518 ||| Stepping ~*~*~tactically~*~*~ (hiding).
  3519 | D:5      | 3519 ||| Stepping ~*~*~tactically~*~*~ (hiding).
  3520 | D:5      | 3520 ||| Stepping ~*~*~tactically~*~*~ (hiding).
  3527 | D:5      | Reached XP level 8. HP: 45/48 MP: 7/9
  3615 | D:5      | 3615 ||| READING 4 scrolls of identify.
  3615 | D:5      | 3615 ||| IDENTIFYING puce potion
  3781 | D:6      | Found a radiant altar of Vehumet.
  3784 | D:6      | Found an ancient bone altar of Kikubaaqudgha.
  3787 | D:6      | Found a sacrificial altar of Ru.
  3801 | D:6      | Found an opulent altar of Gozag.
  3822 | D:6      | 3822 ||| INVOKING Heroism.
  3823 | D:6      | 3823 ||| Stepping ~*~*~tactically~*~*~ (hiding).
  3824 | D:6      | 3824 ||| Stepping ~*~*~tactically~*~*~ (hiding).
  3924 | D:6      | Reached skill level 3 in Invocations
  4158 | D:6      | 4158 ||| INVOKING Heroism.
  4159 | D:6      | 4159 ||| Stepping ~*~*~tactically~*~*~ (hiding).
  4265 | D:6      | Found a runed translucent door.
  4266 | D:6      | Noticed Crazy Yiuf
  4318 | D:6      | 4318 ||| Stepping ~*~*~tactically~*~*~ (stealth).
  4518 | D:6      | Noticed Edmund
  4519 | D:6      | 4519 ||| INVOKING Heroism.
  4532 | D:6      | Killed Edmund
  4820 | D:6      | 4820 ||| DROPPING orb of mayhem.
  4821 | D:6      | 4821 ||| READING 3 scrolls of identify.
  4821 | D:6      | 4821 ||| IDENTIFYING amethyst potion
  4883 | D:7      | 4883 ||| Stepping ~*~*~tactically~*~*~ (hiding).
  4896 | D:7      | Reached skill level 8 in Axes
  4916 | D:7      | 4916 ||| Stepping ~*~*~tactically~*~*~ (stealth).
  4918 | D:7      | 4918 ||| Stepping ~*~*~tactically~*~*~ (hiding).
  5018 | D:7      | 5018 ||| INVOKING Heroism.
  5087 | D:7      | 5087 ||| FLEEEEING.
  5095 | D:7      | 5095 ||| INVOKING Heroism.
  5099 | D:7      | 5099 ||| Stepping ~*~*~tactically~*~*~ (stealth).
  5127 | D:7      | 5127 ||| Stepping ~*~*~tactically~*~*~ (stealth).
  5129 | D:7      | 5129 ||| Stepping ~*~*~tactically~*~*~ (stealth).
  5137 | D:7      | Reached skill level 6 in Fighting
  5220 | D:7      | Reached XP level 9. HP: 44/55 MP: 8/12
  5263 | D:7      | 5263 ||| INVOKING Heroism.
  5291 | D:7      | 5291 ||| INVOKING Heroism.
  5378 | D:7      | 5378 ||| Stepping ~*~*~tactically~*~*~ (hiding).
  5395 | D:7      | 5395 ||| Stepping ~*~*~tactically~*~*~ (stealth).
  5396 | D:7      | 5396 ||| Stepping ~*~*~tactically~*~*~ (stealth).
  5401 | D:7      | Reached skill level 9 in Axes
  5570 | D:7      | Found Meazucis's CLEARANCE SALE!.
  5576 | D:7      | 5576 ||| BUYING potion of attraction (15 gold).
  5576 | D:7      | Bought a potion of attraction for 15 gold pieces
  5576 | D:7      | 5576 ||| BUYING scroll of identify (10 gold).
  5576 | D:7      | Bought a scroll of identify for 10 gold pieces
  5891 | D:7      | 5891 ||| READING 3 scrolls of identify.
  5891 | D:7      | 5891 ||| IDENTIFYING metallic dark potion
  6066 | D:8      | Noticed a centaur warrior
  6075 | D:8      | 6075 ||| INVOKING Heroism.
  6096 | D:8      | Killed a centaur warrior
  6096 | D:8      | Reached ** piety under Okawaru
  6097 | D:8      | Reached skill level 10 in Axes
  6101 | D:8      | Reached XP level 10. HP: 49/64 MP: 6/13
  6101 | D:8      | 6101 ||| Stepping ~*~*~tactically~*~*~ (hiding).
  6107 | D:8      | 6107 ||| INVOKING Heroism.
  6111 | D:8      | Noticed a gargoyle
  6122 | D:8      | HP: 14/64 [gargoyle/+0 flail (13)]
  6123 | D:8      | 6123 ||| READING 3 scrolls of teleportation.
  6176 | D:8      | Identified the +4 plate armour of Philately {+Blink rPois
                  | Will++ Stlth+}
  6216 | D:8      | 6216 ||| Stepping ~*~*~tactically~*~*~ (stealth).
  6218 | D:8      | 6218 ||| Stepping ~*~*~tactically~*~*~ (stealth).
  6220 | D:8      | 6220 ||| Stepping ~*~*~tactically~*~*~ (hiding).
  6233 | D:8      | Noticed a two-headed ogre
  6234 | D:8      | 6234 ||| INVOKING Heroism.
  6241 | D:8      | HP: 11/64 [two-headed ogre/+0 giant club (15)]
  6242 | D:8      | 6242 ||| READING 2 scrolls of teleportation.
  6299 | D:8      | 6299 ||| INVOKING Heroism.
  6306 | D:8      | Killed a two-headed ogre
  6384 | D:8      | 6384 ||| Stepping ~*~*~tactically~*~*~ (stealth).
  6409 | D:8      | 6409 ||| Stepping ~*~*~tactically~*~*~ (stealth).
  6415 | D:8      | 6415 ||| INVOKING Heroism.
  6425 | D:8      | Reached skill level 3 in Throwing
  6493 | D:8      | 6493 ||| Stepping ~*~*~tactically~*~*~ (hiding).
  6494 | D:8      | 6494 ||| Stepping ~*~*~tactically~*~*~ (hiding).
  6495 | D:8      | 6495 ||| INVOKING Heroism.
  6521 | D:8      | 6521 ||| Stepping ~*~*~tactically~*~*~ (hiding).
  6536 | D:8      | Reached skill level 11 in Axes
  6537 | D:8      | 6537 ||| INVOKING Heroism.
  6604 | D:8      | Noticed Maggie
  6610 | D:8      | 6610 ||| INVOKING Heroism.
  6629 | D:8      | Killed Maggie
  6640 | D:8      | 6640 ||| INVOKING Heroism.
  6820 | D:8      | 6820 ||| INVOKING Heroism.
  6821 | D:8      | Killed a gargoyle
  6822 | D:8      | Reached skill level 9 in Fighting
  6846 | D:8      | 6846 ||| Stepping ~*~*~tactically~*~*~ (stealth).
  6848 | D:8      | 6848 ||| Stepping ~*~*~tactically~*~*~ (stealth).
  6957 | D:8      | 6957 ||| Stepping ~*~*~tactically~*~*~ (hiding).
  6959 | D:8      | 6959 ||| Stepping ~*~*~tactically~*~*~ (hiding).
  6961 | D:8      | 6961 ||| Stepping ~*~*~tactically~*~*~ (hiding).
  6963 | D:8      | 6963 ||| INVOKING Heroism.
  6974 | D:8      | Reached XP level 11. HP: 70/71 MP: 11/14
  7015 | D:8      | 7015 ||| Stepping ~*~*~tactically~*~*~ (hiding).
  7075 | D:8      | 7075 ||| Stepping ~*~*~tactically~*~*~ (hiding).
  7078 | D:8      | 7078 ||| Stepping ~*~*~tactically~*~*~ (hiding).
  7088 | D:8      | Reached *** piety under Okawaru
  7139 | D:8      | Noticed Pikel
  7140 | D:8      | 7140 ||| Stepping ~*~*~tactically~*~*~ (stealth).
  7197 | D:8      | Killed Pikel
  7198 | D:8      | Reached skill level 6 in Armour
  7489 | D:8      | 7489 ||| DROPPING +0 ring mail of cold resistance.
  7490 | D:8      | 7490 ||| UPGRADING to +4 plate armour of Philately {+Blink
                  | rPois Will++ Stlth+}.
  7500 | D:8      | 7500 ||| DROPPING +0 chain mail.
  7501 | D:8      | 7501 ||| UPGRADING to +0 kite shield.
  7511 | D:8      | 7511 ||| DROPPING +0 buckler.
  7512 | D:8      | 7512 ||| READING scroll labelled XOUC WIFYSH.
  7513 | D:8      | 7513 ||| READING scroll labelled WADIEL VOVVOGY.
  7514 | D:8      | 7514 ||| READING 4 scrolls of identify.
  7514 | D:8      | 7514 ||| IDENTIFYING emerald potion
  7590 | D:9      | Reached skill level 6 in Shields
  7625 | D:9      | Found a shimmering altar of Xom.
  7639 | D:9      | Found a staircase to the Orcish Mines.
  7752 | D:9      | 7752 ||| Stepping ~*~*~tactically~*~*~ (stealth).
  7804 | D:9      | 7804 ||| INVOKING Heroism.
  7870 | D:9      | 7870 ||| Stepping ~*~*~tactically~*~*~ (stealth).
  7871 | D:9      | 7871 ||| INVOKING Heroism.
  7873 | D:9      | 7873 ||| Stepping ~*~*~tactically~*~*~ (hiding).
  7875 | D:9      | 7875 ||| Stepping ~*~*~tactically~*~*~ (hiding).
  7890 | D:9      | 7890 ||| Stepping ~*~*~tactically~*~*~ (stealth).
  7922 | D:9      | Reached **** piety under Okawaru
  7941 | D:9      | Found a staircase to the Lair.
  7990 | D:9      | 7990 ||| SWAPPING to +0 broad axe.
  7991 | D:9      | 7991 ||| DROPPING +1 war axe.
  8049 | D:9      | 8049 ||| Stepping ~*~*~tactically~*~*~ (stealth).
  8057 | D:9      | 8057 ||| INVOKING Heroism.
  8077 | D:9      | 8077 ||| INVOKING Heroism.
  8164 | D:9      | 8164 ||| Stepping ~*~*~tactically~*~*~ (hiding).
  8166 | D:9      | 8166 ||| Stepping ~*~*~tactically~*~*~ (hiding).
  8167 | D:9      | 8167 ||| Stepping ~*~*~tactically~*~*~ (hiding).
  8459 | D:9      | 8459 ||| PLANNING LAIR
  8459 | D:9      | 8459 ||| UPGRADING to +5 ring of evasion.
  8461 | D:9      | 8461 ||| DROPPING ring of positive energy.
  8462 | D:9      | 8462 ||| READING 3 scrolls of identify.
  8462 | D:9      | 8462 ||| IDENTIFYING viscous sapphire potion
  8555 | Lair:1   | Entered Level 1 of the Lair of Beasts
  8560 | Lair:1   | 8560 ||| INVOKING Heroism.
  8574 | Lair:1   | Received a gift from Okawaru
  8578 | Lair:1   | 8578 ||| INVOKING Heroism.
  8603 | Lair:1   | 8603 ||| INVOKING Heroism.
  8613 | Lair:1   | Reached skill level 9 in Shields
  8722 | Lair:1   | 8722 ||| Stepping ~*~*~tactically~*~*~ (stealth).
  8723 | Lair:1   | 8723 ||| Stepping ~*~*~tactically~*~*~ (stealth).
  8805 | Lair:1   | Noticed a skyshark
  8813 | Lair:1   | Noticed Joseph
  8821 | Lair:1   | 8821 ||| INVOKING Heroism.
  8825 | Lair:1   | Killed a skyshark
  8836 | Lair:1   | Killed Joseph
  8841 | Lair:1   | 8841 ||| INVOKING Heroism.
  8845 | Lair:1   | Received a gift from Okawaru
  9332 | Lair:1   | 9332 ||| Stepping ~*~*~tactically~*~*~ (stealth).
  9341 | Lair:1   | 9341 ||| INVOKING Heroism.
  9349 | Lair:1   | Received a gift from Okawaru
  9373 | Lair:1   | Reached XP level 12. HP: 76/76 MP: 14/16
  9487 | Lair:1   | 9487 ||| READING scroll of enchant armour.
  9487 | Lair:1   | 9487 ||| ENCHANTING +0 pair of gloves.
 10025 | Lair:1   | 10025 ||| DROPPING amulet of reflection.
 10026 | Lair:1   | 10026 ||| DROPPING amulet of magic regeneration.
 10027 | Lair:1   | 10027 ||| READING 3 scrolls of identify.
 10027 | Lair:1   | 10027 ||| IDENTIFYING sedimented coppery potion
 10028 | Lair:1   | 10028 ||| READING 2 scrolls of identify.
 10028 | Lair:1   | 10028 ||| IDENTIFYING metallic black potion
 10029 | Lair:1   | 10029 ||| DROPPING potion of enlightenment.
 10030 | Lair:1   | 10030 ||| DROPPING potion of ambrosia.
 10060 | Lair:2   | 10060 ||| STAIRDANCE
 10106 | Lair:2   | 10106 ||| Stepping ~*~*~tactically~*~*~ (stealth).
 10109 | Lair:2   | 10109 ||| Stepping ~*~*~tactically~*~*~ (stealth).
 10125 | Lair:2   | 10125 ||| Stepping ~*~*~tactically~*~*~ (stealth).
 10134 | Lair:2   | 10134 ||| Stepping ~*~*~tactically~*~*~ (stealth).
 10138 | Lair:2   | 10138 ||| Stepping ~*~*~tactically~*~*~ (stealth).
 10172 | Lair:2   | Reached skill level 6 in Invocations
 10296 | Lair:2   | 10296 ||| Stepping ~*~*~tactically~*~*~ (stealth).
 10350 | Lair:2   | Noticed a skyshark
 10360 | Lair:2   | Killed a skyshark
 10380 | Lair:2   | 10380 ||| Stepping ~*~*~tactically~*~*~ (stealth).
 10382 | Lair:2   | 10382 ||| Stepping ~*~*~tactically~*~*~ (stealth).
 10383 | Lair:2   | 10383 ||| Stepping ~*~*~tactically~*~*~ (stealth).
 10430 | Lair:2   | Reached skill level 12 in Axes
 10511 | Lair:2   | Reached ***** piety under Okawaru
 10550 | Lair:2   | Found a staircase to the Shoals.
 10553 | Lair:2   | 10553 ||| INVOKING Heroism.
 10625 | Lair:2   | Received a gift from Okawaru
 10656 | Lair:2   | Noticed a seven-headed hydra
 10657 | Lair:2   | 10657 ||| INVOKING Heroism.
 10658 | Lair:2   | 10658 ||| INVOKING Finesse.
 10662 | Lair:2   | 10662 ||| SWAPPING to +0 flail of draining.
 10667 | Lair:2   | Killed a seven-headed hydra
 10668 | Lair:2   | 10668 ||| SWAPPING to +0 broad axe.
 10827 | Lair:2   | 10827 ||| INVOKING Heroism.
 10833 | Lair:2   | Reached skill level 9 in Invocations
 10885 | Lair:2   | 10885 ||| Stepping ~*~*~tactically~*~*~ (stealth).
 10886 | Lair:2   | 10886 ||| Stepping ~*~*~tactically~*~*~ (stealth).
 11118 | Lair:2   | 11118 ||| UPGRADING to +2 pair of boots.
 11245 | Lair:3   | 11245 ||| Stepping ~*~*~tactically~*~*~ (hiding).
 11274 | Lair:3   | 11274 ||| INVOKING Heroism.
 11323 | Lair:3   | 11323 ||| Stepping ~*~*~tactically~*~*~ (stealth).
 11345 | Lair:3   | 11345 ||| INVOKING Heroism.
 11396 | Lair:3   | Found a hole to the Spider Nest.
 11410 | Lair:3   | Identified the +1 chain mail of the Onion {Int+4 SInv}
 11441 | Lair:3   | 11441 ||| INVOKING Heroism.
 11456 | Lair:3   | Reached XP level 13. HP: 63/82 MP: 14/20
 11867 | Lair:4   | 11867 ||| INVOKING Heroism.
 11939 | Lair:4   | 11939 ||| Stepping ~*~*~tactically~*~*~ (hiding).
 12105 | Lair:4   | 12105 ||| INVOKING Heroism.
 12146 | Lair:4   | 12146 ||| Stepping ~*~*~tactically~*~*~ (stealth).
 12201 | Lair:4   | 12201 ||| Stepping ~*~*~tactically~*~*~ (stealth).
 12205 | Lair:4   | 12205 ||| INVOKING Heroism.
 12212 | Lair:4   | 12212 ||| SWAPPING to +0 flail of draining.
 12222 | Lair:4   | 12222 ||| SWAPPING to +0 broad axe.
 12261 | Lair:4   | 12261 ||| Stepping ~*~*~tactically~*~*~ (stealth).
 12310 | Lair:4   | 12310 ||| Stepping ~*~*~tactically~*~*~ (stealth).
 12543 | Lair:4   | Found a staircase to the Slime Pits.
 12727 | Lair:4   | 12727 ||| UPGRADING to +0 helmet.
 12755 | Lair:5   | Entered Level 5 of the Lair of Beasts
 12772 | Lair:5   | Received a gift from Okawaru
 12794 | Lair:5   | 12794 ||| INVOKING Heroism.
 12799 | Lair:5   | 12799 ||| SWAPPING to +0 flail of draining.
 12804 | Lair:5   | 12804 ||| SWAPPING to +0 broad axe.
 12827 | Lair:5   | 12827 ||| Stepping ~*~*~tactically~*~*~ (hiding).
 12885 | Lair:5   | 12885 ||| INVOKING Heroism.
 12904 | Lair:5   | 12904 ||| SWAPPING to +0 flail of draining.
 12908 | Lair:5   | Received a gift from Okawaru
 12909 | Lair:5   | Reached skill level 9 in Armour
 12911 | Lair:5   | HP: 19/82 [eight-headed hydra (9)]
 12912 | Lair:5   | 12912 ||| READING 5 scrolls of teleportation.
 12915 | Lair:5   | HP: 7/82 [eight-headed hydra (6)]
 12915 | Lair:5   | Slain by a snapping turtle

Levels and vault maps discovered:
D:1:      minmay_arrival_five_plusses, layout_loops_ring, serial_shops,
          nicolae_shop_tiny_waterfront, nicolae_shop_getting_attention, shop,
          ebering_ecumenical_altar_box
D:2:      cheibrodos_old_hovel, layout_loops_ring, minmay_bisected, uniq_terence
D:3:      layout_loops_ring, ebering_ghost_sewer_f
D:4:      layout_cave_pools, minmay_temple_entry_nine_rooms,
          kennysheep_generic_room_8
D:5:      layout_gridville, uniq_ijyb
D:6:      layout_basic, grunt_temple_overflow_cloverleaf,
          uniq_crazy_yiuf_cottage, uniq_edmund
D:7:      layout_basic, hangedman_glass_teeth, nicolae_shop_clearance
D:8:      minmay_the_grid_octo_tiled_squarecenter
          [minmay_the_grid_octo_concentric, minmay_the_grid_octo_toaster,
          minmay_the_grid_octo_clover_2, minmay_the_grid_octo_checkered,
          minmay_the_grid_square_5x5_megaprize_crossed,
          minmay_the_grid_square_5x5_meh, minmay_the_grid_square_5x5_checkered,
          minmay_the_grid_square_5x5_comb, minmay_the_grid_square_5x5_slash],
          layout_basic, kennysheep_generic_room_11, uniq_pikel, uniq_maggie
D:9:      layout_cave_pools, xom_butterflies, erik_lair_dragon,
          minmay_orc_entry_temple_small
Temple:   nicolae_temple_x_marks_the_god
Lair:1:   layout_layer_cave, kennysheep_abandoned_house,
          infiniplex_staircase_pool_2, serial_bayou_shore_b, uniq_joseph
Lair:2:   layout_loops_ring, nicolae_shoals_entry_roost
Lair:3:   layout_roguey, nicolae_spider_entry_non_spiders, fungi_pond_lemuel
Lair:4:   layout_regular_city, slime_entry_1, wad_woods_01
Lair:5:   gammafunk_lair_ancient_temple, layout_hall_layers,
          portal_ice_cave_entry_pillars_2, grunt_forest_stairs_basic,
          pdpol_lair_cabin_in_the_woods

Skill      XL: |  1  2  3  4  5  6  7  8  9 10 11 12 13 |
---------------+----------------------------------------+-----
Axes           | 2 3 4 5 6 7 8 10 11 12 | 12.6
Throwing       | 1 2 3 |  3.2
Fighting       | 4 6 7 9 10 | 10.0
Dodging        | 1 2 |  2.0
Invocations    | 2 4 5 9 10 | 10.0
Armour         | 4 5 7 8 9 |  9.0
Shields        | 4 5 10 | 10.8

Action                     |  1- 3 |  4- 6 |  7- 9 | 10-12 | 13-15 || total
---------------------------+-------+-------+-------+-------+-------++-------
  Melee: War axe           |    75 |   141 |   334 |   346 |       ||   896
         Broad axe         |       |       |       |   437 |   171 ||   608
         Flail             |       |       |       |     5 |    23 ||    28
  Throw: Javelin           |       |    29 |    37 |    34 |       ||   100
         Boomerang         |       |       |    10 |    49 |     4 ||    63
 Invoke: Heroism           |       |       |    11 |    26 |     5 ||    42
         Finesse           |       |       |       |     1 |       ||     1
    Use: Scroll            |     5 |     8 |     3 |     9 |     1 ||    26
         Potion            |       |     2 |       |       |       ||     2
 Armour: Scale mail        |    35 |    37 |       |       |       ||    72
         Chain mail        |       |    48 |   193 |   123 |       ||   364
         Plate armour      |       |       |       |   332 |   141 ||   473
  Dodge: Dodged            |    41 |    70 |   142 |   355 |   104 ||   712
  Block: Buckler           |    10 |    37 |    78 |    34 |       ||   159
         Kite shield       |       |       |       |   336 |   132 ||   468

Table legend:
 A = Non-vault XP
 B = Vault XP
 C = Vault XP percentage of total XP
 D = Non-vault monster count
 E = Vault monster count
 F = Vault count percentage of total count
                 A         B        C        D         E       F
            +---------+---------+-------+---------+---------+-------
      Total |   26368 |   13798 |  34.4 |     258 |      85 |  24.8
            +---------+---------+-------+---------+---------+-------
        D:1 |      36 |       0 |   0.0 |      18 |       0 |   0.0
        D:2 |      79 |      47 |  37.3 |      18 |       6 |  25.0
        D:3 |      43 |       0 |   0.0 |      13 |       0 |   0.0
        D:4 |     155 |      38 |  19.7 |      14 |       2 |  12.5
        D:5 |     815 |      36 |   4.2 |      19 |       1 |   5.0
        D:6 |     419 |     178 |  29.8 |      18 |       1 |   5.3
        D:7 |    1527 |       0 |   0.0 |      29 |       0 |   0.0
        D:8 |    1217 |    5588 |  82.1 |      23 |      28 |  54.9
        D:9 |    1927 |    1813 |  48.5 |      31 |      12 |  27.9
     Lair:1 |    3598 |    1456 |  28.8 |      19 |      14 |  42.4
     Lair:2 |    8974 |    1759 |  16.4 |      30 |       3 |   9.1
     Lair:3 |    2843 |     184 |   6.1 |      10 |       8 |  44.4
     Lair:4 |    3161 |    1268 |  28.6 |      13 |       6 |  31.6
     Lair:5 |    1574 |    1431 |  47.6 |       3 |       4 |  57.1
            +---------+---------+-------+---------+---------+-------
